 Dungeon Crawl Stone Soup version 0.22-a0-348-gd16d139 (webtiles) character file.

199 Gorglomux the Covered (level 5, 0/69 HPs)
             Began as a Minotaur Earth Elementalist on Apr 10, 2018.
             Slain by a scorpion (4 damage)
             ... on level 4 of the Dungeon.
             The game lasted 00:04:14 (4191 turns).

Gorglomux the Covered (Minotaur Earth Elementalist) Turns: 4191, Time: 00:04:15

Health: 0/69       AC: 22    Str: 13    XL:     5   Next: 48%
Magic:  4/6        EV:  2    Int: 12    God:
Gold:   172        SH:  0    Dex: 11    Spells: 5/6 levels left

rFire    . . .     SeeInvis .   (no weapon)
rCold    . . .     Gourm    .   (no shield)
rNeg     + + +     Faith    .   (armour currently unavailable)
rPois    +         Spirit   .   (helmet currently unavailable)
rElec    .         Reflect  .   (cloak currently unavailable)
rCorr    .         Harm     .   (gloves currently unavailable)
MR       .....     NoTele   +   (boots currently unavailable)
Stlth    ++........             (no amulet)
HPRegen  0.21/turn              o - ring of poison resistance (curse)
MPRegen  0.10/turn              (no ring)

@: lethally poisoned (0 -> -4), tree-form
A: (retaliatory headbutt)
a: no special abilities


You were on level 4 of the Dungeon.
You were hungry.
You were a tree.
You visited 1 branch of the dungeon, and saw 4 of its levels.

You collected 172 gold pieces.

Inventory:

Hand Weapons
 a - a +0 hand axe
Missiles
 b - 109 stones (quivered)
Armour
 S - a cursed +0 scale mail (melded)
Jewellery
 o - a cursed ring of poison resistance (left branch)
Scrolls
 m - a scroll of remove curse
 T - 3 scrolls of teleportation
 Y - a scroll of immolation {unknown}
 Z - 3 scrolls of identify {unknown}
Potions
 e - a potion of heal wounds
Comestibles
 d - 6 rations


   Skills:
 + Level 4.2 Fighting
 + Level 1.2 Axes
 + Level 4.2 Armour
 - Level 2.1 Dodging
 - Level 1.5 Stealth
 - Level 1.3 Spellcasting
   Level 0.7 Transmutations
 - Level 2.4 Earth Magic


You had 5 spell levels left.
You knew the following spells:

 Your Spells              Type           Power        Failure   Level  Hunger
a - Sandblast             Erth           #.....       11%         1    ##.....


Dungeon Overview and Level Annotations

Branches:
Dungeon (4/15)
 Temple: D:4-7

Altars:
Uskayaw
Yredelemnul

Annotations:
D:1 Terence
D:2 1 runed door
D:3 Sigmund


Innate Abilities, Weirdness & Mutations

((You reflexively headbutt those who attack you in melee.))
((You have a pair of horns on your head.))


Message History

The scorpion stings you butt does no butt!
The scorpion stings you! * * * don't die
* * * You are lethally poisoned!!!
The scorpion poisons you!!!
Wield butt item (- for none, * to show all)? (? for menu, Esc to quit)
You are now empty-handed! * * * don't die
* * * You feel sick!
Really attack barehanded? [Y]es or [N]o only, please!
Really attack butt? [Y]es or [N]o only, please!
Really attack barehanded?
Okay, then!
Really attack barehanded?
You barely miss the scorpion!
The scorpion is severely wounded!
The scorpion stings you! rip

....... ....... #.......
....... ........ #......
........ #......
######.......
.#.#...#####....#.......
................#..##...
.#.#..s.........#..##...
....!..♣........#.......
.#.#............#..##...
....########....#..##...
.#> #....'.......
#....#..##..#
#....#..##..#
#....#..#...#
#....'..#...#
.'....#+###..#


You could see a scorpion.

Vanquished Creatures
  An orc priest (D:3)
  A hound (D:4)
  Jessica (D:2)
  A worker ant (D:4)
  An adder (D:2)
  A worm (D:2)
  3 dart slugs
  A leopard gecko (D:2)
  10 orcs
  2 ball pythons (D:1)
  4 bats
  5 giant cockroaches
  5 goblins
  6 hobgoblins
  5 jackals (D:1)
  2 frilled lizards (D:2)
  4 kobolds
  6 rats
59 creatures vanquished.

Notes
Turn   | Place    | Note
-------+----------+-------------------------------------------
     0 | D:1      | Gorglomux the Minotaur Earth Elementalist began the quest for the Orb.
     0 | D:1      | Reached XP level 1. HP: 14/14 MP: 1/1
    66 | D:1      | Reached skill level 1 in Fighting
    66 | D:1      | Reached skill level 1 in Armour
   314 | D:1      | Reached XP level 2. HP: 9/23 MP: 0/3
   988 | D:1      | Reached XP level 3. HP: 27/29 MP: 4/4
  1056 | D:2      | Noticed Jessica
  1065 | D:2      | Killed Jessica
  1079 | D:2      | Reached skill level 3 in Fighting
  1079 | D:2      | Reached skill level 3 in Armour
  1079 | D:2      | Reached XP level 4. HP: 16/38 MP: 0/5
  2032 | D:2      | Found a runed door.
  2071 | D:2      | Noticed Terence
  3112 | D:3      | HP: 1/38 [orc priest/divine providence (16)]
  3451 | D:3      | Noticed Sigmund
  3736 | D:4      | Reached XP level 5. HP: 46/46 MP: 6/6
  3836 | D:4      | Found a basalt altar of Yredelemnul.
  3838 | D:4      | Found a hide-covered altar of Uskayaw.
  4160 | D:4      | HP: 3/69 [worker ant (5)]
  4161 | D:4      | Reached skill level 1 in Axes
  4191 | D:4      | Slain by a scorpion

Vault maps used:
D:1:      elethiomel_arrival_shortcut, st_stairs_1
D:2:      serial_glass, glass_columns_a, glass_columns_a,
          hangedman_decor_growths, uniq_terence, uniq_jessica,
          uniq_crazy_yiuf_cottage
D:3:      uniq_sigmund
D:4:      kennysheep_mini_moat, chequers_temple_overflow_statue_of_worship,
          first_ration, st_stairs_8

Skill      XL: |  1  2  3  4  5 |
---------------+----------------+-----
Fighting       | 1 2 3 4 |  4.2
Armour         | 1 2 3 4 |  4.2
Axes           | 1 |  1.2
Dodging        | |  2.1
Stealth        | |  1.5
Spellcasting   | |  1.3
Transmutations | |  0.7
Earth Magic    | |  2.4

Action                   |  1- 3 |  4- 6 || total
-------------------------+-------+-------++-------
Melee: Unarmed           |    17 |    42 ||    59
       Spear             |    86 |    21 ||   107
       Headbutt          |     9 |     9 ||    18
       Flail             |       |    26 ||    26
       Dagger            |       |    14 ||    14
       Hand axe          |       |    32 ||    32
 Cast: Sandblast         |     8 |    21 ||    29
  Use: Potion            |       |     6 ||     6
       Scroll            |       |     2 ||     2
 Stab: Distracted        |     1 |       ||     1
       Sleeping          |       |     1 ||     1
  Eat: Chunk             |     1 |    10 ||    11
Armor: Robe              |    25 |    12 ||    37
       Scale mail        |       |    17 ||    17
       Skin              |       |     5 ||     5
Dodge: Dodged            |    95 |    77 ||   172

Table legend:
 A = Spawn XP
 B = Non-spawn XP
 C = Spawn XP percentage of total XP
 D = Spawn monster count
 E = Non-spawn monster count
 F = Spawn count percentage of total count
 G = Total turns spent on level
                    A         B        C        D         E        F      G
               +---------+---------+-------+---------+---------+-------+---------
         Total |       0 |     285 |   0.0 |       0 |      59 |   0.0 |  4191
               +---------+---------+-------+---------+---------+-------+---------
           D:1 |       0 |      43 |   0.0 |       0 |      22 |   0.0 |  1245
           D:2 |       0 |      85 |   0.0 |       0 |      20 |   0.0 |  1774
           D:3 |       0 |      67 |   0.0 |       0 |       9 |   0.0 |   808
           D:4 |       0 |      90 |   0.0 |       0 |       8 |   0.0 |   364
               +---------+---------+-------+---------+---------+-------+---------
